 Dungeon Crawl Stone Soup version 0.19-a0-981-gaae9137 (webtiles) character file.

150 mistymad the Insei (level 5, -1/34 HPs)
             Began as an Octopode Transmuter on July 14, 2016.
             Slain by a black bear (2 damage)
             ... on level 4 of the Dungeon.
             The game lasted 00:06:47 (3671 turns).

mistymad the Insei (Octopode Transmuter)            Turns: 3671, Time: 00:06:48

Health: -1/34      AC:  2    Str: 10    XL:     5   Next: 32%
Magic:  3/8        EV: 20    Int: 16    God:
Gold:   142        SH:  0    Dex: 17    Spells: 3 memorised, 2 levels left

rFire  x . .     SeeInvis .       - Unarmed
rCold  + . .     Gourm    .     (shield currently unavailable)
rNeg   . . .     Faith    .     (helmet currently unavailable)
rPois  x         Spirit   .     (no amulet)
rElec  .         Dismiss  .     (no ring)
rCorr  .         Reflect  .     n - ring of wizardry
SustAt .         Harm     .     s - ring of ice
MR     .....                    (no ring)
Stlth  ++........               (no ring)
                                (no ring)
                                (no ring)
                                (no ring)

@: spider-form, drained, not resistant to hostile enchantments, unstealthy
A: almost no armour, (amphibious), 8 rings, (constrict 8), (camouflage 0),
(gelatinous body 0)
a: End Transformation


You were on level 4 of the Dungeon.
You were not hungry.
You were a venomous arachnid creature.
You visited 1 branch of the dungeon, and saw 4 of its levels.

You collected 142 gold pieces.

Inventory:

Missiles
 a - 12 arrows
Jewellery
 n - a ring of wizardry (right front leg)
 s - a ring of ice (on tentacle)
Wands
 g - a wand of flame (28/48)
Scrolls
 f - a scroll of random uselessness {unknown}
 i - a scroll of identify
 k - 3 scrolls of teleportation
 l - a scroll of magic mapping {unknown}
 p - 2 scrolls of blinking
 r - 3 scrolls of remove curse
 v - a scroll of enchant weapon {unknown}
Potions
 d - a potion of agility
 e - 4 potions of curing
 j - 2 potions of lignification {unknown}
 o - 3 potions of degeneration {unknown}
 q - a potion of brilliance {unknown}
 t - a potion of heal wounds {unknown}
Books
 b - a book of Changes

   Spells                             Type                      Level
   a - Beastly Appendage              Transmutation                1
   b - Sticks to Snakes               Transmutation                2
   c - Spider Form                    Transmutation/Poison         3
   d - Ice Form                       Ice/Transmutation            4
   e - Blade Hands                    Transmutation                5
 m - a book of Clouds

   Spells                             Type                      Level
   a - Mephitic Cloud                 Conjuration/Poison/Air       3
   b - Conjure Flame                  Conjuration/Fire             3
   c - Poisonous Cloud                Conjuration/Poison/Air       6
   d - Freezing Cloud                 Conjuration/Ice/Air          6
   e - Ring of Flames                 Charms/Fire                  7
Comestibles
 c - 3 bread rations
 h - 2 meat rations
 u - 6 chunks of flesh


   Skills:
 + Level 1.7(1.6) Fighting
 + Level 2.6(2.5) Dodging
 + Level 4.1 Unarmed Combat
 - Level 2.0(1.9) Spellcasting
 + Level 3.6 Transmutations
 - Level 0.8 Poison Magic


You had 2 spell levels left.
You knew the following spells:

 Your Spells              Type           Power        Failure   Level  Hunger
a - Beastly Appendage     Tmut           ##....       7%          1    #......
b - Sticks to Snakes      Tmut           ##......     10%         2    ###....
c - Spider Form           Tmut/Pois      #.........   22%         3    ###....


Dungeon Overview and Level Annotations

Branches:
Dungeon (4/15)
 Temple: D:4-7

Altars:
Ashenzari
Hepliaklqana
Okawaru
Zin


Innate Abilities, Weirdness & Mutations

You cannot wear most types of armour.
((You are amphibious.))
You can wear up to eight rings at the same time.
((You can use your tentacles to constrict eight enemies at once.))
((Your skin changes colour to match your surroundings (Stealth+).))
((Your rubbery body absorbs attacks. (AC +1)))


Message History

Your transformation is almost over.
Unknown command.
The adder closely misses you. The adder completely misses you.
You closely miss the adder. The adder barely misses you.
You closely miss the adder. The adder bites you but does no damage.
You closely miss the adder. The adder barely misses you.
You bite the adder!
The adder is poisoned.
The adder is almost dead.
Your transformation has ended.
You kill the adder!
Casting: Spider Form
Confirm with . or Enter, or press ? or * to list all spells.
You turn into a venomous arachnid creature.
The black bear bites you!
* * * LOW HITPOINT WARNING * * *
The black bear claws you.
* * * LOW HITPOINT WARNING * * *
The black bear claws you.
You die...

######+### #.........####
.....?...## #.............
.......... #......##.....
.........# #......##.....
....!....# #.#######.....
........$# #.# #.....
.........# #.# #.....
..(......########.# #.....
#...#####...hs....#########...
#.# #.#####...#.(.....'... #
##+#####...#.#######...
#........###.# #.#(
#............# #.##
#.........#### #.. #.........#
... #.........# ###.
#.........# .


You could see a black bear.

Vanquished Creatures
  4 gnolls (D:3)
  An adder (D:4)
  3 worms
  3 dart slugs
  3 giant geckos
  9 orcs
  2 ball pythons (D:3)
  6 bats
  5 giant cockroaches
  7 hobgoblins
  11 kobolds
  2 quokkas
  2 giant newts (D:1)
  8 goblins
  7 rats
73 creatures vanquished.

Notes
Turn   | Place    | Note
-------+----------+-------------------------------------------
     0 | D:1      | mistymad the Octopode Transmuter began the quest for the Orb.
     0 | D:1      | Reached XP level 1. HP: 13/13 MP: 3/3
   190 | D:1      | Reached XP level 2. HP: 18/18 MP: 5/5
   663 | D:2      | Learned a level 2 spell: Sticks to Snakes
   770 | D:2      | Reached XP level 3. HP: 23/23 MP: 6/6
   778 | D:2      | Found an iron altar of Okawaru.
   814 | D:2      | Found a glowing silver altar of Zin.
   834 | D:2      | Found a hazy altar of Hepliaklqana.
  1127 | D:2      | Learned a level 3 spell: Spider Form
  1714 | D:3      | Reached XP level 4. HP: 28/28 MP: 7/7
  1758 | D:3      | Found a shattered altar of Ashenzari.
  2591 | D:3      | Reached skill level 4 in Unarmed Combat
  2600 | D:3      | Reached XP level 5. HP: 18/33 MP: 6/8
  3652 | D:4      | Noticed a black bear
  3671 | D:4      | HP: 1/34 [black bear (3)]
  3671 | D:4      | Slain by a black bear

Vault maps used:
D:1:      scummos_arrival_hexagon
D:2:      old_standard_altar, overflow_temple_1_default,
          kennysheep_okawaru_gauntlet
D:3:      nicolae_ashenzari_panopticon
D:4:      black_bear_nest_2, minmay_goblin_kobold_house

Skill      XL: |  1  2  3  4 |
---------------+-------------+-----
Transmutations | 3 |  3.6
Unarmed Combat | 4 |  4.1
Fighting       | |  1.7
Dodging        | |  2.6
Spellcasting   | |  2.0
Poison Magic   | |  0.8

Action                   |  1- 3 |  4- 6 || total
-------------------------+-------+-------++-------
Melee: Unarmed           |    95 |    89 ||   184
       Constrict         |    32 |    16 ||    48
       Tentacles         |    19 |     8 ||    27
       Punch             |     2 |     3 ||     5
 Cast: Beastly Appendage |     1 |       ||     1
       Spider Form       |       |     5 ||     5
  Use: Scroll            |     7 |       ||     7
 Stab: Sleeping          |    11 |     6 ||    17
  Eat: Chunk             |     2 |     7 ||     9
Armor: Skin              |     5 |     6 ||    11
Dodge: Dodged            |    48 |    62 ||   110
